PAA
SUN PRAIRIE SWALLOWS @ MINNESOTA LOONS
07/04/2025
 
TOP OF THE 1ST
Sun Prairie Swallows batting - Pitching for Minnesota Loons : RHP José Larranaga
Pitching: RHP José Larranaga
Batting: RHB José Silva 0-0: Ball
1-0: Swinging Strike
1-1: Foul Ball, location: 2F
1-2: Fly out, F8 (Flyball, 8LXD)
Batting: RHB Ghislain Vespucci 0-0: Called Strike
0-1: SINGLE (Line Drive, 89S)
Batting: LHB Jorge Borbón 0-0: Ball
1-0: Ball
2-0: Ball
3-0: Swinging Strike
3-1: Foul Ball, location: 2F
3-2: Foul Ball, location: 2F
3-2: Base on Balls
Ghislain Vespucci to second
Batting: RHB Luis Hernández 0-0: Called Strike
0-1: Swinging Strike
0-2: Ball
1-2: Strikes out swinging
Batting: LHB Carlos Garza 0-0: Ball
1-0: Foul Ball, location: 2F
1-1: Foul Ball, location: 2F
1-2: Foul Ball, location: 2F
1-2: Ball
2-2: Ground out 4-3 (Groundball, 4M)
Top of the 1st over - 0 run(s), 1 hit(s), 0 error(s), 2 left on base; Sun Prairie 0 - Minnesota 0
BOTTOM OF THE 1ST
Minnesota Loons batting - Pitching for Sun Prairie Swallows : LHP Xavier Padilla
Pitching: LHP Xavier Padilla
Batting: LHB Alfredo Arévalo 0-0: Ball
1-0: Fly out, F7 (Flyball, 7S)
Batting: RHB Lytle Creek 0-0: Ball
1-0: Swinging Strike
1-1: Fly out, F7 (Flyball, 7S)
Batting: RHB Miguel Rosales 0-0: Ball
1-0: Called Strike
1-1: Fly out, F9 (Flyball, 9)
Bottom of the 1st over - 0 run(s), 0 hit(s), 0 error(s), 0 left on base; Sun Prairie 0 - Minnesota 0
TOP OF THE 2ND
Sun Prairie Swallows batting - Pitching for Minnesota Loons : RHP José Larranaga
Batting: RHB Matías Torrella 0-0: Ball
1-0: Ball
2-0: SINGLE (Groundball, 6MD)
Batting: RHB Scott Forrest 0-0: Fly out, F8 (Flyball, 8LM)
Batting: RHB Dan Hart 0-0: Called Strike
0-1: Foul Ball, location: 2F
0-2: SINGLE (Line Drive, 78M)
Matías Torrella to second
Batting: RHB Darby Carveth 0-0: Called Strike
0-1: Ball
1-1: Fly out, F9 (Flyball, 9LMF)
Batting: RHB José Silva 0-0: Fielders Choice at 2nd, 6-4 (Groundball, 6)
Top of the 2nd over - 0 run(s), 2 hit(s), 0 error(s), 1 left on base; Sun Prairie 0 - Minnesota 0
BOTTOM OF THE 2ND
Minnesota Loons batting - Pitching for Sun Prairie Swallows : LHP Xavier Padilla
Batting: RHB Gonzalo Sánchez 0-0: Ball
1-0: Foul Ball, location: 2F
1-1: Called Strike
1-2: Ball
2-2: Ground out 6-3 (Groundball, 6S)
Batting: LHB José León 0-0: Swinging Strike
0-1: Swinging Strike
0-2: Ball
1-2: SINGLE (Groundball, 34D)
Batting: RHB Ieyoshi Yamamoto 0-0: Called Strike
0-1: Ball
1-1: Ball
2-1: Fly out, F9 (Flyball, 9D)
Batting: RHB Bass Reeves 0-0: Called Strike
José León is caught stealing 2nd base
Bottom of the 2nd over - 0 run(s), 1 hit(s), 0 error(s), 0 left on base; Sun Prairie 0 - Minnesota 0
TOP OF THE 3RD
Sun Prairie Swallows batting - Pitching for Minnesota Loons : RHP José Larranaga
Batting: RHB Ghislain Vespucci 0-0: Called Strike
0-1: Reached on error, E8 (Flyball, 89M)
Batting: LHB Jorge Borbón 0-0: Ball
1-0: Ball
2-0: Swinging Strike
2-1: Fly out, F7 (Flyball, 78XD)
Batting: RHB Luis Hernández 0-0: Ball
1-0: Foul Ball, location: 2F
1-1: Foul Ball, location: 2F
1-2: Strikes out swinging
Batting: LHB Carlos Garza 0-0: Called Strike
0-1: Called Strike
0-2: Foul Ball, location: 2F
0-2: Ball
1-2: Foul Ball, location: 2F
1-2: Fielders Choice at 2nd, 6-4 (Groundball, 6)
Top of the 3rd over - 0 run(s), 0 hit(s), 1 error(s), 0 left on base; Sun Prairie 0 - Minnesota 0
BOTTOM OF THE 3RD
Minnesota Loons batting - Pitching for Sun Prairie Swallows : LHP Xavier Padilla
Batting: RHB Bass Reeves 0-0: Called Strike
0-1: Ball
1-1: Swinging Strike
1-2: Foul Ball, location: 2F
1-2: Ball
2-2: SINGLE (Groundball, 6) (infield hit)
Batting: LHB Chad Graves 0-0: Ball
1-0: Foul Ball, location: 2F
1-1: Ball
2-1: Swinging Strike
2-2: Foul Ball, location: 2F
2-2: Fielders Choice at 2nd, 1-4 (Groundball, 15S)
Batting: RHB Jorge Arreola 0-0: Ball
1-0: Swinging Strike
1-1: Fly out, F9 (Flyball, 9LS)
Batting: LHB Alfredo Arévalo 0-0: Ball
1-0: Ball
2-0: SINGLE (Line Drive, 4MD)
Chad Graves to second
Batting: RHB Lytle Creek 0-0: Ball
1-0: Ball
Wild Pitch!
Chad Graves to third
Alfredo Arévalo to second
2-0: Ball
3-0: Called Strike
3-1: Fly out, F8 (Line Drive, 8RD)
Bottom of the 3rd over - 0 run(s), 2 hit(s), 0 error(s), 2 left on base; Sun Prairie 0 - Minnesota 0
TOP OF THE 4TH
Sun Prairie Swallows batting - Pitching for Minnesota Loons : RHP José Larranaga
Batting: RHB Matías Torrella 0-0: Swinging Strike
0-1: Ball
1-1: Swinging Strike
1-2: Strikes out swinging
Batting: RHB Scott Forrest 0-0: Ball
1-0: Ball
2-0: Ball
3-0: Called Strike
3-1: Base on Balls
Batting: RHB Dan Hart 0-0: Ball
1-0: 2-RUN HOME RUN (Line Drive, 7D), Distance : 352 ft
Batting: RHB Darby Carveth 0-0: Ball
1-0: Swinging Strike
1-1: Called Strike
1-2: Foul Ball, location: 2F
1-2: Ball
2-2: Foul Ball, location: 2F
2-2: Ball
3-2: Base on Balls
Batting: RHB José Silva 0-0: Fielders Choice at 2nd, 4-6 (Groundball, 4)
Batting: RHB Ghislain Vespucci 0-0: Ball
1-0: Called Strike
1-1: Fielders Choice at 2nd, 6-4 (Groundball, 6)
Top of the 4th over - 2 run(s), 1 hit(s), 0 error(s), 0 left on base; Sun Prairie 2 - Minnesota 0
BOTTOM OF THE 4TH
Minnesota Loons batting - Pitching for Sun Prairie Swallows : LHP Xavier Padilla
Batting: RHB Miguel Rosales 0-0: Ball
1-0: Fly out, F4 (Line Drive, 4)
Batting: RHB Gonzalo Sánchez 0-0: Ball
1-0: Foul Ball, location: 2F
1-1: Ball
2-1: Fly out, F9 (Flyball, 9LS)
Batting: LHB José León 0-0: Ball
1-0: Foul Ball, location: 2F
1-1: Swinging Strike
1-2: Foul Ball, location: 2F
1-2: Fly out, F6 (Popup, 6MD)
Bottom of the 4th over - 0 run(s), 0 hit(s), 0 error(s), 0 left on base; Sun Prairie 2 - Minnesota 0
TOP OF THE 5TH
Sun Prairie Swallows batting - Pitching for Minnesota Loons : RHP José Larranaga
Batting: LHB Jorge Borbón 0-0: Called Strike
0-1: Fly out, F8 (Flyball, 8LM)
Batting: RHB Luis Hernández 0-0: Fly out, F5 (Popup, 56)
Batting: LHB Carlos Garza 0-0: Called Strike
0-1: Ground out 6-3 (Groundball, 6S)
Top of the 5th over - 0 run(s), 0 hit(s), 0 error(s), 0 left on base; Sun Prairie 2 - Minnesota 0
BOTTOM OF THE 5TH
Minnesota Loons batting - Pitching for Sun Prairie Swallows : LHP Xavier Padilla
Batting: RHB Ieyoshi Yamamoto 0-0: Foul Ball, location: 2F
0-1: Ball
1-1: Ball
2-1: Called Strike
2-2: Strikes out swinging
Batting: RHB Bass Reeves 0-0: Foul Ball, location: 2F
0-1: Ball
1-1: Foul Ball, location: 2F
1-2: Ball
2-2: Fly out, F5 (Popup, 5L)
Batting: LHB Chad Graves 0-0: SINGLE (Groundball, 4MD)
Pitching: RHP Eric Clark
Batting: RHB Jorge Arreola 0-0: Called Strike
0-1: Ball
1-1: Swinging Strike
1-2: Ball
Chad Graves steals 2nd base
2-2: Ball
3-2: Base on Balls
Batting: LHB Alfredo Arévalo 0-0: Ball
1-0: Called Strike
1-1: Ball
2-1: Called Strike
2-2: Ground out 1-3 (Groundball, 13)
Bottom of the 5th over - 0 run(s), 1 hit(s), 0 error(s), 2 left on base; Sun Prairie 2 - Minnesota 0
TOP OF THE 6TH
Sun Prairie Swallows batting - Pitching for Minnesota Loons : RHP José Larranaga
Batting: RHB Matías Torrella 0-0: Swinging Strike
0-1: Ball
1-1: Fly out, F8 (Flyball, 8LM)
Batting: RHB Scott Forrest 0-0: Ball
1-0: Ground out 6-3 (Groundball, 6)
Batting: RHB Dan Hart 0-0: Ball
1-0: Swinging Strike
1-1: Called Strike
1-2: Strikes out looking
Top of the 6th over - 0 run(s), 0 hit(s), 0 error(s), 0 left on base; Sun Prairie 2 - Minnesota 0
BOTTOM OF THE 6TH
Minnesota Loons batting - Pitching for Sun Prairie Swallows : RHP Eric Clark
Batting: RHB Lytle Creek 0-0: Foul Ball, location: 2F
0-1: Called Strike
0-2: Ball
1-2: Foul Ball, location: 2F
1-2: Ball
2-2: Fly out, F6 (Popup, 56D)
Batting: RHB Miguel Rosales 0-0: Ball
1-0: Foul Ball, location: 2F
1-1: Foul Ball, location: 2F
1-2: Foul Ball, location: 2F
1-2: Ball
2-2: Fly out, F4 (Line Drive, 4)
Batting: RHB Gonzalo Sánchez 0-0: Called Strike
0-1: Foul Ball, location: 2F
0-2: Ball
1-2: Foul Ball, location: 2F
1-2: Fly out, F9 (Flyball, 9)
Bottom of the 6th over - 0 run(s), 0 hit(s), 0 error(s), 0 left on base; Sun Prairie 2 - Minnesota 0
TOP OF THE 7TH
Sun Prairie Swallows batting - Pitching for Minnesota Loons : RHP José Larranaga
Batting: RHB Darby Carveth 0-0: Foul Ball, location: 2F
0-1: Ball
1-1: DOUBLE (Groundball, 5L)
Batting: RHB José Silva 0-0: Ball
1-0: Swinging Strike
1-1: Ball
2-1: Ball
3-1: Swinging Strike
3-2: Strikes out looking
Pitching: RHP Oriol Razo
Batting: RHB Ghislain Vespucci 0-0: Ball
1-0: Ball
2-0: Ground out 5-3 (Groundball, 5L)
Batting: LHB Jorge Borbón 0-0: Ball
1-0: SINGLE (Groundball, 4MD)
Darby Carveth to third
Runner from 3rd tries for Home, SAFE, throw made home
Batting: RHB Luis Hernández 0-0: Called Strike
0-1: Swinging Strike
0-2: Strikes out swinging
Top of the 7th over - 1 run(s), 2 hit(s), 0 error(s), 1 left on base; Sun Prairie 3 - Minnesota 0
BOTTOM OF THE 7TH
Minnesota Loons batting - Pitching for Sun Prairie Swallows : RHP Eric Clark
Batting: LHB José León 0-0: Fly out, F7 (Flyball, 7)
Batting: RHB Ieyoshi Yamamoto 0-0: Ball
1-0: Called Strike
1-1: Foul Ball, location: 2F
1-2: Foul Ball, location: 2F
1-2: Fly out, F9 (Line Drive, 89D)
Batting: RHB Bass Reeves 0-0: Ball
1-0: Called Strike
1-1: Ball
2-1: Ball
3-1: Foul Ball, location: 2F
3-2: Ground out 6-3 (Groundball, 6)
Bottom of the 7th over - 0 run(s), 0 hit(s), 0 error(s), 0 left on base; Sun Prairie 3 - Minnesota 0
TOP OF THE 8TH
Sun Prairie Swallows batting - Pitching for Minnesota Loons : RHP Oriol Razo
Batting: LHB Carlos Garza 0-0: Ball
1-0: Ball
2-0: Called Strike
2-1: SINGLE (Line Drive, 4MD)
Batting: RHB Matías Torrella 0-0: Sac Bunt - play at first, batter OUT! 5-3
Carlos Garza to second
Batting: RHB Scott Forrest 0-0: Intentional Walk
Batting: RHB Dan Hart 0-0: Ball
1-0: Called Strike
1-1: Called Strike
1-2: Strikes out looking
Batting: RHB Darby Carveth 0-0: Ball
1-0: Foul Ball, location: 2F
1-1: Called Strike
1-2: Foul Ball, location: 2F
1-2: Foul Ball, location: 2F
1-2: Ball
2-2: Ball
3-2: SINGLE (Line Drive, 7LM)
Carlos Garza to third
Scott Forrest to second
Carlos Garza scores
Scott Forrest to third
Batting: RHB José Silva 0-0: Called Strike
0-1: Fielders Choice at 2nd, 6-4 (Groundball, 6)
Top of the 8th over - 1 run(s), 2 hit(s), 0 error(s), 1 left on base; Sun Prairie 4 - Minnesota 0
BOTTOM OF THE 8TH
Minnesota Loons batting - Pitching for Sun Prairie Swallows : RHP Eric Clark
Batting: LHB Chad Graves 0-0: Called Strike
0-1: Ground out 4-3 (Groundball, 34)
Batting: RHB Jorge Arreola 0-0: Ball
1-0: Called Strike
1-1: Foul Ball, location: 2F
1-2: Ball
2-2: Ground out 4-3 (Groundball, 4)
Batting: LHB Alfredo Arévalo 0-0: Called Strike
0-1: Ball
1-1: SINGLE (Groundball, 4D)
Batting: RHB Lytle Creek 0-0: Called Strike
0-1: Ball
1-1: Ball
2-1: Fly out, F5 (Line Drive, 5L)
Bottom of the 8th over - 0 run(s), 1 hit(s), 0 error(s), 1 left on base; Sun Prairie 4 - Minnesota 0
TOP OF THE 9TH
Sun Prairie Swallows batting - Pitching for Minnesota Loons : RHP Oriol Razo
Pitching: RHP Jim Unknown
Batting: RHB Ghislain Vespucci 0-0: Called Strike
0-1: Ball
1-1: Fly out, F8 (Line Drive, 8RM)
Batting: LHB Jorge Borbón 0-0: Ball
1-0: Ball
2-0: Called Strike
2-1: SINGLE (Groundball, 4MD)
Batting: RHB Luis Hernández 0-0: Swinging Strike
0-1: Ball
1-1: Ball
2-1: Called Strike
2-2: Grounds into double play, 4-6-3 (Groundball, 34D)
Top of the 9th over - 0 run(s), 1 hit(s), 0 error(s), 0 left on base; Sun Prairie 4 - Minnesota 0
BOTTOM OF THE 9TH
Minnesota Loons batting - Pitching for Sun Prairie Swallows : RHP Eric Clark
Batting: RHB Miguel Rosales 0-0: SINGLE (Groundball, 34D)
Batting: RHB Gonzalo Sánchez 0-0: Ball
1-0: Called Strike
1-1: Ball
2-1: Grounds into double play, 5-4-3 (Groundball, 56)
Batting: LHB José León 0-0: Ball
1-0: Ball
2-0: Ball
3-0: Base on Balls
Batting: RHB Ieyoshi Yamamoto 0-0: Ball
1-0: Called Strike
Balk!
José León to second
1-1: Swinging Strike
1-2: Ball
2-2: Foul Ball, location: 2F
2-2: Ball
3-2: SINGLE (Flyball, 89S)
José León to third
José León scores
Pitching: RHP Kyle MacRae
Batting: RHB Bass Reeves 0-0: Ball
1-0: Foul Ball, location: 2F
1-1: Swinging Strike
1-2: Ball
2-2: Ball
3-2: Strikes out swinging
Bottom of the 9th over - 1 run(s), 2 hit(s), 0 error(s), 1 left on base; Sun Prairie 4 - Minnesota 1
Friday, December 30th, 2016 - OOTP Baseball 17.12 Build 75